 Dungeon Crawl Stone Soup version 0.14.0-26-g1682e81 (webtiles) character file.

600986 Gravenous the Heavyweight Champion (level 25, -17/271 (273) HPs)
             Began as a Troll Monk on Apr 26, 2014.
             Was the Champion of Jiyva.
             Killed from afar by an orb of fire (47 damage)
             ... with a fireball
             ... on Level 5 of the Realm of Zot.
             The game lasted 05:00:47 (68880 turns).

Gravenous the Heavyweight Champion (Troll Monk)    Turns: 68880, Time: 05:00:48

HP -17/271 (273) AC 26     Str 21 (22) XL: 25   Next: 26%
MP   9/9         EV 17     Int  9      God: Jiyva [******]
Gold 2791        SH 44     Dex 21 (22) Spells:  0 memorised, 24 levels left

rFire  + . .     SeeInvis .       - Unarmed
rCold  . . .     Clarity  .     B - +6 swamp dragon armour
rNeg   . . .     Conserve +     a - +0 large shield
rPois  +         rCorr    +     S - +1 hat
rElec  +         rRot     .     T - +0 cloak {rCorr, Cons}
SustAb . .       Spirit   .     (gloves unavailable)
rMut   +         Warding  .     (boots unavailable)
Gourm  +         Stasis   .     I - amulet of resist mutation
MR     +++..                    i - ring of the Mage {Wiz MR++ Int+3}
                                D - ring of protection from fire

@: extremely resistant to hostile enchantments, unstealthy
A: unfitting armour, claws 3, fangs 1, horns 1, iridescent scales 1, large bone
plates 1, blurry vision 1, fast metabolism 3, gourmand, poison resistance,
regeneration 3, saprovore 2, shaggy fur 1, electricity resistance, spit poison
1, tough skin 2, weak 1, eyeballs 1, gelatinous body 1, pseudopods 1, jelly
sensing items
a: Spit Poison, Request Jelly, Jelly Paralyse, Slimify, Cure Bad Mutation,
Renounce Religion
}: 5/15 runes: decaying, serpentine, slimy, silver, abyssal


You were on level 5 of the Realm of Zot.
You worshipped Jiyva.
Jiyva was exalted by your worship.
You were completely stuffed.

You visited 9 branches of the dungeon, and saw 58 of its levels.
You visited the Abyss 4 times.

You collected 4661 gold pieces.
You spent 1870 gold pieces at shops.

Inventory:

Armour
 a - a +0 large shield (worn)
 u - a +1 mottled dragon armour
 B - a +6 swamp dragon armour (worn)
 S - a +1 hat (worn)
 T - a +0 cloak of preservation (worn)
Magical devices
 y - a wand of draining (5)
 C - a wand of teleportation (6)
 G - a wand of teleportation (4)
 O - a wand of disintegration (8)
Comestibles
 b - 8 meat rations
 c - 8 chokos
 f - 8 apricots
 h - 24 bread rations
 l - a royal jelly
 r - 2 pears
 s - 2 slices of pizza
 z - 6 apples
 H - 3 grapes
 L - 15 strawberries
 Y - 3 bananas
Scrolls
 d - 12 scrolls of remove curse
 j - 2 scrolls of enchant weapon II
 o - 8 scrolls of recharging
 p - a scroll of fear
 q - 3 scrolls of teleportation
 x - 6 scrolls of fog
 N - a scroll of enchant weapon I
 Q - 2 scrolls of magic mapping
 W - 5 scrolls of identify
Jewellery
 i - the ring of the Mage (right claw) {Wiz MR++ Int+3}
   (You took it off a frost giant on level 5 of the Vaults)

   [ring of wizardry]

   It affects your intelligence (+3).
   It affects your resistance to hostile enchantments.
 v - the ring "Xuak" {rC+ SInv}
   (You found it on level 3 of the Abyss)

   [ring of protection from cold]

   It enhances your eyesight.
 D - a ring of protection from fire (left claw)
 E - the ring "Shrimixt" {+Fly Int+3}
   (You found it on level 5 of the Vaults)

   [ring of flight]

   It affects your intelligence (+3).
 I - an amulet of resist mutation (around neck)
 P - the ring of Surprise {Contam rF+ Int+5}
   (You found it on level 6 of the Pits of Slime)

   [ring of intelligence]

   It affects your intelligence (+5).
   It protects you from fire.
   It causes magical contamination when unequipped.
 V - an uncursed ring of see invisible
 X - the amulet of Blivuewi {rCorr Str+3}
   (You found it on level 7 of the Lair of Beasts)

   [amulet of resist corrosion]

   It affects your strength (+3).
Potions
 e - a potion of curing
 k - a potion of porridge
 m - a potion of haste
 n - a potion of cure mutation
 t - 5 potions of brilliance
 F - 4 potions of restore abilities
 J - a potion of resistance
Magical staves
 M - an uncursed staff of wizardry
 Z - an uncursed staff of energy
Miscellaneous
 g - a fan of gales
 w - a phial of floods
 A - a phial of floods
 K - a stone of tremors
 R - a phial of floods
 U - a fan of gales


   Skills:
 * Level 19.7 Fighting
 - Level 14.2 Armour
 - Level 9.8 Dodging
 - Level 1.1 Stealth
 - Level 15.0 Shields
 O Level 27 Unarmed Combat


You had 24 spell levels left.
You didn't know any spells.

Dungeon Overview and Level Annotations

Branches:
Dungeon (15/15)            Temple (0/1) D:6             Orc (4/4) D:11
    Elf (0/3) Orc:3          Lair (8/8) D:10          Swamp (5/5) Lair:6
  Snake (5/5) Lair:3        Slime (6/6) Lair:7       Vaults (5/5) D:13
  Blade (0/1) Vaults:3      Crypt (0/5) Vaults:2        Zot (5/5) Depths:5
 Depths (5/5) D:15

Altars:
Ashenzari
Cheibriados
Elyvilon
Makhleb
Nemelex Xobeh
Vehumet
Xom
Yredelemnul
Beogh
Jiyva
Lugonu

Shops:
D:4 *%!(%   D:6 [   D:13 }   Orc:3 [*(%   Orc:4 %!([?   Vaults:1 !
Vaults:2 %(   Vaults:3 *   Vaults:4 (

Portals:
Hell: Depths:1 Depths:3 Depths:4 Depths:5
Abyss: Depths:3 Depths:4
Pandemonium: Depths:3
Ziggurat: Depths:2
Trove: Depths:2 (give +4,+4 demon blade)

Annotations:
D:11 grisnicke's ghost, powerful FoEE
Swamp:4 exclusion: downstairs
Swamp:5 Lernaean hydra
Snake:5 Jorgrun
Slime:6 Dissolution; Royal Jelly
Vaults:3 Nikola


Innate Abilities, Weirdness & Mutations

You are too large for most types of armour.
You have claws for hands.
Your metabolism is lightning-fast.
You like to eat raw meat.
You regenerate.
You can eat rotten meat.
You are covered in fur (AC +1).
You have very tough skin (AC +2).
You have very sharp teeth.
You have a pair of small horns on your head.
You are partially covered in iridescent scales (AC +4).
You are partially covered in large bone plates (AC +2, SH +2).
Your vision is a little blurry.
Your system is resistant to poisons.
You are resistant to electric shocks.
You can spit poison.
You are weak. (Str -2)
Your body is partially covered in golden eyeballs (Acc +3).
Your rubbery body absorbs attacks (AC +1).
Armour fits poorly on your pseudopods.
You have a small jelly attached to you that senses nearby items.


Message History

You headbutt the orb of fire, but do no damage.
Your bludgeon misses the orb of fire.
The orb of fire is almost destroyed.
The orb of fire glows deep purple.
The fireball explodes!
The fireball engulfs the orb of fire.
The orb of fire completely resists.
The fireball engulfs you! You resist.
* * * LOW HITPOINT WARNING * * *
You barely miss the orb of fire. Your headbutt misses the orb of fire.
You bite the orb of fire, but do no damage.
Your bludgeon misses the orb of fire.
The orb of fire is almost destroyed.
The orb of fire glows deep purple.
The bolt of fire hits the orb of fire.
The orb of fire completely resists.
The bolt of fire hits you! You resist.
* * * LOW HITPOINT WARNING * * *
You closely miss the orb of fire. Your bite misses the orb of fire.
The orb of fire is almost destroyed.
The orb of fire glows deep purple.
The fireball explodes!
The fireball engulfs you! You resist.
You die...

**,,,,,,,,,**,,,,,,,,,,,,,,,,,,,,
***,,,,,,,***,,,,,∆,,,,,,,,,,,,,,
* ********* *,,,,,,,,,,,,,,,,,,,,
* **,,,,,,,,,,,,,,,,,,,
***,,,,,,,,,,,,,,,,,
****,,,,,,,,,.,,,,
#▓▓▓▓▓▓▓▓▓▓▓##..,,, #
###..*.*@........(.,, ##
##...@##(............,
.###########..J###...............
.........^....###................
............5## #................
.............# #................
#...........## #................
#J..........# #..(...(.....(...
#...........## #................
.............# ##.(.............


You could see 2 orbs of fire, a Killer Klown, a crimson imp and a neutral death
ooze (fellow slime).

Vanquished Creatures
  2 ancient liches
  Boris (Vaults:2)
  The ghost of Bloax the Warrior, a legendary VSCK of Xom (D:15)
  Mara (Vaults:4)
  2 Killer Klowns (Zot:5)
  6 golden dragons
  Jory (Vaults:3)
  2 electric golems (Zot:5)
  A bone dragon (Zot:3)
  A Hell Sentinel (Abyss:2)
  A hellephant (Abyss:3)
  The ghost of Liquorice the Executioner, a mighty MiBe of Trog (Vaults:3)
  8 liches
  16 tentacled monstrosities
  2 quicksilver dragons
  2 titans
  8 Orb Guardians (Zot:5)
  11 tentacled starspawn
  10 storm dragons
  4 sphinxes
  A thorn hunter (Depths:2)
  Kirke (Swamp:3)
  3 draconian monks
  4 tengu reavers
  2 shadow dragons (Vaults:5)
  Roxanne (Swamp:5)
  A draconian scorcher (Zot:4)
  3 draconian knights
  Wiglaf (Swamp:4)
  Maud (D:15)
  5 fire giants
  6 greater nagas
  3 iron dragons
  8 vault wardens
  Aizul (Snake:1)
  7 frost giants
  A balrug (Depths:3)
  An octopode crusher (Depths:3)
  3 deep elf sorcerers
  2 draconian zealots
  An angel (Abyss:3)
  2 ghost moths
  8 emperor scorpions
  4 draconian annihilators
  The ghost of DuloT34 the Scorcher, a powerful DEFE of Vehumet (D:14)
  14 stone giants
  7 draconian shifters
  A spriggan defender (Depths:2)
  4 deep elf demonologists
  A reaper (Zot:2)
  2 green draconians (Zot:2)
  A war gargoyle (Vaults:5)
  A draconian caller (Zot:2)
  A vampire knight (Depths:5)
  8 grey draconians
  4 black draconians
  A lorocyproca (Abyss:2)
  9 pale draconians
  5 red draconians
  6 yellow draconians
  4 dire elephants
  4 white draconians
  2 deep elf annihilators
  A red draconian (shapeshifter) (Depths:5)
  6 purple draconians
  9 mottled draconians
  A blizzard demon (Abyss:2)
  A deep elf death mage (Vaults:5)
  30 vault guards
  12 ettins
  3 merfolk impalers (Depths:3)
  13 yaktaur captains
  4 deep elf high priests
  4 minotaurs
  20 fire dragons
  A minotaur (shapeshifter) (Vaults:4)
  10 ironheart preservers
  Josephine (Snake:1)
  7 death cobs
  A ravenous item mimic (Vaults:3)
  A siren (shapeshifter) (Depths:1)
  5 rakshasas
  A ravenous feature mimic (Vaults:4)
  Fannar (Lair:5)
  7 ice dragons
  2 dancing weapons (Vaults:3)
  2 ice dragons (shapeshifter) (Vaults:5)
  8 naga warriors
  6 deep troll earth magi
  Nessos (Swamp:1)
  2 spriggan air magi
  2 shambling mangroves
  15 death yaks
  10 ogre magi
  A satyr (Depths:2)
  7 deep troll shamans
  A deep dwarf death knight (Abyss:3)
  A spectral stone giant (Depths:4)
  8 alligators
  17 anacondas
  4 tengu warriors
  2 spriggan berserkers
  17 naga sharpshooters
  15 thrashing horrors
  2 sun demons
  2 hell hogs (Abyss:2)
  Urug (Snake:1)
  3 shock serpents
  4 orc high priests
  A spectral elf (Depths:4)
  6 deep elf knights
  A shock serpent (shapeshifter) (Vaults:5)
  2 hydras
  2 soul eaters (Abyss:3)
  4 centaur warriors
  7 catoblepae
  6 iron trolls
  14 very ugly things
  3 storm dragon zombies
  A fire crab (shapeshifter) (Abyss:3)
  5 wretched stars
  14 hell knights
  2 shadow wraiths
  6 salamander mystics
  An unseen horror (D:12)
  35 large abominations
  7 sea snakes (Snake:5)
  14 skeletal warriors
  2 golden dragon zombies (Depths:2)
  2 spectral death yaks (Depths:4)
  A spatial maelstrom (Abyss:3)
  2 flayed ghosts
  6 naga ritualists
  16 deep trolls
  3 shadow demons
  2 ice devils (Abyss:2)
  11 hill giants
  4 lindwurms (Snake:5)
  A death drake (Abyss:2)
  8 swamp dragons
  6 deep elf summoners
  A golden dragon skeleton (Depths:4)
  A hill giant (shapeshifter) (Vaults:3)
  5 wizards
  14 ironbrand convokers
  7 necromancers
  5 deep elf conjurers
  A hellion (Abyss:2)
  2 flaming corpses (Abyss:3)
  A water nymph (Abyss:2)
  A wolf spider zombie (Vaults:2)
  8 harpies (Vaults:4)
  5 fauns (Depths:2)
  12 orc knights
  12 mana vipers
  3 phantasmal warriors
  A shadow dragon skeleton (Abyss:3)
  A draconian zombie (Zot:4)
  2 griffons
  2 red wasps
  4 worldbinders
  A fire giant zombie (Vaults:1)
  2 manticores
  6 salamanders
  An octopode (shapeshifter) (D:13)
  An elephant (shapeshifter) (Depths:4)
  10 orc sorcerers
  2 sixfirhies (Abyss:2)
  A draconian (shapeshifter) (D:15)
  4 wolf spiders
  A stone giant skeleton (Depths:1)
  2 fire giant skeletons
  35 black mambas
  15 moths of wrath
  3 apocalypse crabs
  4 cyclopes
  5 elephants (Lair:7)
  A frost giant skeleton (Depths:1)
  A guardian serpent (shapeshifter) (Depths:5)
  15 vault sentinels
  19 spiny frogs
  2 feature mimics
  10 guardian serpents
  15 naga magi
  11 smoke demons
  3 orange demons
  An item mimic (Lair:6)
  40 yaktaurs
  4 tengu conjurers
  3 kobold demonologists
  6 freezing wraiths
  2 fire drakes
  5 giant leeches
  3 deep elf priests
  A centaur zombie (D:15)
  A blue devil (Depths:3)
  8 komodo dragons
  11 ancient zymes
  7 boggarts
  An iron devil (Depths:5)
  2 hellwings
  A red devil (Orc:4)
  14 trolls
  8 giant fireflies
  A mana viper skeleton (Snake:1)
  4 baby alligators
  21 two-headed ogres
  16 ravens
  23 blink frogs
  A slime creature (Snake:4)
  An elf zombie (Depths:4)
  A hydra skeleton (D:14)
  An ice dragon zombie (Depths:1)
  A raven (shapeshifter) (Vaults:2)
  6 thorn lotuses
  A stone giant simulacrum (Depths:1)
  9 bog bodies
  A spriggan zombie (Depths:2)
  7 boulder beetles
  4 wraiths
  2 wyverns
  36 raiju
  7 spriggans
  2 basilisks (shapeshifter)
  8 ynoxinuls
  3 shadows
  A spriggan skeleton (Depths:1)
  A tarantella (shapeshifter) (Abyss:3)
  A basilisk (Lair:3)
  4 water elementals (Depths:3)
  4 air elementals
  6 redbacks
  5 hogs
  An ice dragon skeleton (Vaults:1)
  17 humans (D:13)
  2 vampires (Depths:1)
  10 neqoxecs
  9 deep elf magi
  2 sharks
  50 yaks
  A tarantella (Vaults:1)
  5 fire bats
  5 hippogriffs
  21 chaos spawn
  A steam dragon (D:14)
  A black mamba skeleton (Snake:1)
  47 ugly things
  A warg (shapeshifter) (Depths:4)
  8 deep elf fighters
  3 hungry ghosts
  31 swamp worms
  19 vampire mosquitoes
  8 wargs
  54 nagas
  3 spatial vortices (Abyss:3)
  3 swamp drakes (shapeshifter) (Abyss:3)
  13 wolves
  A human zombie (D:13)
  A hell hound (Abyss:1)
  33 water moccasins
  27 small abominations
  2 tengu skeletons
  6 yellow wasps
  2 ice beasts
  A water moccasin (shapeshifter) (Abyss:3)
  A human simulacrum (Vaults:2)
  2 phantoms
  10 swamp drakes
  4 sky beasts
  9 porcupines
  An ogre (shapeshifter) (Abyss:3)
  A black bear (shapeshifter) (Vaults:5)
  A black bear (D:8)
  A blink frog zombie (Abyss:3)
  10 centaurs
  3 giant goldfish
  45 orc warriors
  14 crocodiles
  40 ogres
  An orc skeleton (Vaults:2)
  A centaur (shapeshifter) (Abyss:3)
  A yaktaur zombie (Vaults:2)
  10 giant slugs
  2 brain worms
  17 giant frogs
  An insubstantial wisp (Abyss:3)
  10 human skeletons
  2 big kobolds (D:9)
  A giant frog (shapeshifter) (Abyss:3)
  A jelly (Vaults:1)
  A yaktaur skeleton (D:15)
  22 killer bees
  3 scorpions
  A warg zombie (Vaults:2)
  A yak zombie (D:10)
  A naga zombie (Snake:1)
  A scorpion (shapeshifter) (Abyss:3)
  A boulder beetle zombie (D:15)
  4 elf skeletons
  7 wights
  3 goliath beetles
  7 crimson imps
  A goliath beetle (shapeshifter) (Abyss:3)
  6 quasits
  28 starcursed masses
  A yaktaur simulacrum (Vaults:1)
  A giant frog skeleton (D:8)
  A yellow wasp zombie (D:10)
  6 iron imps
  22 orc priests
  8 iguanas
  Crazy Yiuf (D:5)
  2 big fish
  8 hounds
  8 worker ants
  A gnoll shaman (D:10)
  An orange rat (shapeshifter) (Abyss:3)
  21 orc wizards
  23 sheep
  A crocodile skeleton (D:10)
  A hound zombie (D:6)
  A gnoll (shapeshifter) (Abyss:3)
  9 gnolls
  27 green rats
  2 orc zombies (Orc:4)
  A naga simulacrum (Snake:1)
  An adder (shapeshifter) (Abyss:3)
  5 shadow imps
  24 adders
  An inept feature mimic (D:5)
  4 giant mites (shapeshifter) (Abyss:3)
  A giant mite (Lair:1)
  4 white imps
  12 worms
  12 ufetubi
  An iguana zombie (D:7)
  2 giant eyeballs
  An adder simulacrum (Snake:1)
  5 giant geckos
  115 orcs
  3 bat skeletons
  4 giant cockroaches
  13 goblins
  8 hobgoblins
  34 jackals
  24 kobolds
  2 ball pythons
  23 bats
  15 giant newts
  A giant spore (D:10)
  A gnoll skeleton (D:7)
  A jackal (shapeshifter) (Abyss:3)
  2 lurking horrors (Abyss:2)
  8 quokkas
  15 rats
  4 ballistomycetes (D:10)
  3 briar patches (Depths:2)
  A butterfly (Lair:1)
  2 crawling corpses
  A fungus (Lair:3)
  2 plants
  8 starspawn tentacles
2421 creatures vanquished.

Vanquished Creatures (collateral kills)
  Saint Roka (Orc:4)
  The ghost of timbw the Shatterer, a mighty OgHu of Makhleb (D:14)
  A death yak (Depths:5)
  A tengu zombie (Vaults:5)
4 creatures vanquished.

Vanquished Creatures (others)
  6 acid blobs
  2 bone dragons
  A tentacled monstrosity (Zot:2)
  8 azure jellies
  2 eldritch tentacles
  Agnes (Snake:3)
  A large abomination (Vaults:5)
  4 tengu reavers
  A shadow dragon (Vaults:5)
  A frost giant (Zot:1)
  A draconian scorcher (Zot:2)
  A ghost moth (Zot:4)
  3 stone giants
  A dire elephant (Depths:4)
  2 pale draconians
  A red draconian (shapeshifter) (Vaults:5)
  2 yellow draconians
  A red draconian (Zot:5)
  An ettin (Vaults:2)
  A deep elf death mage (Depths:4)
  Snorg (Snake:1)
  A fire dragon (Zot:1)
  2 death oozes (Zot:5)
  2 yaktaur captains (Vaults:5)
  A spriggan air mage (Depths:5)
  2 ironheart preservers
  A dancing weapon (Vaults:5)
  2 great orbs of eyes
  A naga warrior (Snake:5)
  2 hydras (Swamp:5)
  A satyr (Depths:2)
  2 deep troll earth magi (Depths:4)
  2 death yaks (Depths:4)
  A spriggan berserker (Depths:2)
  3 deep troll shamans (Depths:4)
  A human zombie (Zot:5)
  2 centaur warriors
  3 naga sharpshooters
  A deep elf knight (Vaults:5)
  3 very ugly things (Depths:4)
  An orc high priest (Swamp:3)
  A spriggan (Swamp:2)
  A sun demon (Depths:3)
  A fire crab (shapeshifter) (Vaults:4)
  A skeletal warrior (D:14)
  5 deep trolls (Depths:4)
  2 ball lightnings (Vaults:1)
  2 giant orange brains
  4 swamp dragons
  A swamp dragon (shapeshifter) (Vaults:5)
  4 naga magi
  A wizard (Depths:2)
  A necromancer (Depths:1)
  A red wasp (Swamp:3)
  2 small abominations
  A cyclops (Vaults:1)
  A wolf spider (Vaults:1)
  2 orc knights
  A salamander (Snake:1)
  A griffon (Vaults:3)
  2 moths of wrath
  A guardian serpent (Snake:5)
  27 slime creatures
  3 vault sentinels
  2 black mambas (Snake:4)
  An orange demon (Vaults:5)
  A smoke demon (Orc:4)
  A tormentor (Abyss:2)
  2 fire drakes
  9 yaktaurs
  A grey draconian zombie (Zot:4)
  A deep elf priest (Vaults:4)
  3 boggarts (Depths:2)
  A tengu conjurer (Depths:4)
  A giant firefly (Swamp:2)
  A komodo dragon (Zot:2)
  2 two-headed ogres
  2 ravens (Depths:4)
  A red devil (Vaults:5)
  A blink frog (Swamp:5)
  2 bog bodies
  A trapdoor spider (shapeshifter) (Depths:4)
  A troll (Vaults:5)
  An air elemental (Depths:5)
  5 water elementals
  A spriggan (shapeshifter) (Vaults:4)
  2 humans (D:13)
  2 shadows (D:14)
  A shark (Zot:2)
  A black mamba skeleton (Snake:1)
  7 ugly things
  3 nagas (Snake:1)
  4 deep elf fighters
  2 swamp worms
  4 vampire mosquitoes
  5 water moccasins
  A swamp worm (shapeshifter) (Depths:4)
  4 orc warriors
  7 ogres
  A yellow wasp (D:15)
  4 swamp drakes
  A giant goldfish (Zot:2)
  A centaur (shapeshifter) (Abyss:3)
  An orc skeleton (Vaults:1)
  A yaktaur zombie (Vaults:2)
  A giant frog (Swamp:1)
  2 wights
  A scorpion (shapeshifter) (Depths:2)
  A naga skeleton (Snake:1)
  3 quasits
  A centaur zombie (D:12)
  668 jellies
  2 orc priests
  A big fish (Swamp:2)
  2 orc wizards (Orc:4)
  An iron imp (Zot:5)
  3 sheep
  9 adders
  A shadow imp (Zot:5)
  A white imp (Abyss:2)
  A worm (D:10)
  2 ufetubi
  2 giant eyeballs
  25 orcs
  A ball python (Snake:1)
  A giant spore (D:12)
  2 lurking horrors
  A rat (D:7)
  2 ballistomycetes (Abyss:2)
  2 crawling corpses
  152 eldritch tentacle segments
  4 fungi
  30 plants
  21 starspawn tentacles
  33 starspawn tentacle segments
1211 creatures vanquished.

Grand Total: 3636 creatures vanquished

Notes
Turn   | Place    | Note
--------------------------------------------------------------
     0 | D:1      | Gravenous, the Troll Monk, began the quest for the Orb.
     0 | D:1      | Reached XP level 1. HP: 22/22 MP: 1/1
   429 | D:1      | Reached XP level 2. HP: 29/29 MP: 1/1
  1039 | D:2      | Reached XP level 3. HP: 36/36 MP: 2/2
  1090 | D:2      | Found a white marble altar of Elyvilon.
  1252 | D:2      | Found a white marble altar of Elyvilon.
  1568 | D:3      | Reached skill level 5 in Unarmed Combat
  1568 | D:3      | Reached XP level 4. HP: 39/44 MP: 2/2
  2035 | D:4      | Reached XP level 5. HP: 38/53 MP: 2/2
  2065 | D:4      | Noticed a phantom
  2263 | D:4      | Killed a phantom
  2263 | D:4      | Reached XP level 6. HP: 56/61 MP: 3/3
  2282 | D:4      | Found Hamietang's Food Shop.
  2290 | D:4      | Reached skill level 6 in Unarmed Combat
  2303 | D:4      | Found Facerraa's Distillery.
  2431 | D:4      | Found Wiamn's Assorted Antiques.
  2465 | D:4      | Bought a scroll labeled SHRYOL VUDDO for 22 gold pieces
  2465 | D:4      | Bought a scroll labeled DUDOB IRRI for 22 gold pieces
  2489 | D:4      | Found Zemegic's Antique Weapon Emporium.
  2587 | D:4      | Found a snail-covered altar of Cheibriados.
  2612 | D:4      | Found Qaicuac's Food Emporium.
  2694 | D:5      | Entered Level 5 of the Dungeon
  2867 | D:5      | Found a shattered altar of Ashenzari.
  2921 | D:5      | Reached XP level 7. HP: 70/70 MP: 3/3
  3034 | D:5      | Paralysed by a potion of paralysis for 2 turns
  3163 | D:5      | Reached skill level 7 in Unarmed Combat
  3340 | D:5      | Found a burning altar of Makhleb.
  3482 | D:5      | Noticed Crazy Yiuf
  3493 | D:5      | Killed Crazy Yiuf
  4020 | D:6      | Reached XP level 8. HP: 75/79 MP: 3/3
  4105 | D:6      | Found Tryenne's Antique Armour Boutique.
  4110 | D:6      | Bought a glowing robe for 16 gold pieces
  4171 | D:6      | Found a staircase to the Ecumenical Temple.
  4316 | D:6      | Found a shimmering altar of Xom.
  4337 | D:6      | Reached skill level 8 in Unarmed Combat
  4740 | D:7      | Reached skill level 5 in Fighting
  4871 | D:7      | Paralysed by a giant eyeball for 4 turns
  4876 | D:7      | Reached skill level 5 in Dodging
  5131 | D:7      | Reached skill level 9 in Unarmed Combat
  5423 | D:8      | Reached XP level 9. HP: 77/88 MP: 4/4
  5608 | D:8      | Reached skill level 10 in Unarmed Combat
  5925 | D:8      | Found a radiant altar of Vehumet.
  6615 | D:9      | Reached skill level 11 in Unarmed Combat
  6615 | D:9      | Reached XP level 10. HP: 41/100 MP: 4/4
  7164 | D:10     | Entered Level 10 of the Dungeon
  7263 | D:10     | Noticed a hill giant
  7276 | D:10     | Killed a hill giant
  7378 | D:10     | Found a staircase to the Lair.
  7433 | Lair:1   | Entered Level 1 of the Lair of Beasts
  7696 | Lair:1   | Noticed a black mamba
  7715 | Lair:1   | Killed a black mamba
  8134 | Lair:1   | Noticed a black mamba
  8146 | Lair:1   | Killed a black mamba
  8146 | Lair:1   | Reached skill level 12 in Unarmed Combat
  9079 | Lair:2   | Reached XP level 11. HP: 69/109 MP: 4/4
 10093 | Lair:3   | Found a staircase to the Snake Pit.
 10107 | Lair:3   | Reached skill level 13 in Unarmed Combat
 12771 | Lair:5   | Noticed Fannar
 12784 | Lair:5   | Killed Fannar
 12970 | Lair:5   | Reached skill level 14 in Unarmed Combat
 12979 | Lair:5   | Reached XP level 12. HP: 97/122 MP: 5/5
 13674 | Lair:6   | Noticed a five-headed hydra
 13824 | Lair:6   | Found a staircase to the Swamp.
 13825 | Lair:6   | Noticed a seven-headed hydra
 13879 | Lair:7   | Noticed a four-headed hydra
 14585 | Lair:7   | Found a viscous altar of Jiyva.
 14585 | Lair:7   | Found a staircase to the Slime Pits.
 14600 | Lair:7   | Became a worshipper of Jiyva Jaellite the Shapeless
 14600 | Lair:7   | Acquired Jiyva's first power
 14600 | Lair:7   | Acquired Jiyva's second power
 14742 | Lair:8   | Entered Level 8 of the Lair of Beasts
 14756 | Lair:8   | Reached skill level 15 in Unarmed Combat
 14765 | Lair:8   | Noticed an eight-headed hydra
 14776 | Lair:8   | Killed an eight-headed hydra
 15052 | Lair:8   | Noticed an eight-headed hydra
 15259 | Lair:7   | Noticed a four-headed hydra
 15269 | Lair:7   | Got a shimmering pewter amulet
 15298 | Lair:6   | Identified the amulet of Blivuewi {rCorr Str+3} (You found it on level 7 of the Lair of Beasts)
 15916 | D:10     | Acquired Jiyva's third power
 15948 | D:10     | Noticed a hill giant
 15954 | D:10     | Killed a hill giant
 15992 | D:10     | Gained mutation: You have large cloven feet. [Jiyva's grace]
 15993 | D:10     | Reached XP level 13. HP: 127/132 MP: 5/5
 16262 | D:11     | Found a staircase to the Orcish Mines.
 16267 | D:11     | Noticed grisnicke's ghost (powerful FoEE)
 16273 | Orc:1    | Entered Level 1 of the Orcish Mines
 16326 | Orc:1    | Acquired Jiyva's fourth power
 16334 | Orc:1    | Gained mutation: Armour fits poorly on your pseudopods. [Jiyva's grace]
 16468 | Orc:2    | Noticed Sonja
 16481 | Orc:2    | Noticed Sonja
 16481 | Orc:2    | Sonja changed into Sonja the raven
 16484 | Orc:2    | Killed Sonja the raven
 16816 | Orc:1    | Gained mutation: You evolve. [Jiyva's grace]
 16844 | Orc:3    | Found Psunwauv's General Store.
 16850 | Orc:3    | Bought 2 scrolls of teleportation for 102 gold pieces
 16971 | Orc:3    | Found Plog's Antique Weapon Boutique.
 16997 | Orc:3    | Found Pnivestra's Food Boutique.
 16998 | Orc:3    | Found Branium's Antique Armour Boutique.
 17022 | Orc:3    | Bought a shield for 121 gold pieces
 17158 | Orc:3    | Found a roughly hewn altar of Beogh.
 17242 | Orc:3    | Found a staircase to the Elven Halls.
 17287 | Orc:3    | Gained mutation: Your vision is a little blurry. [Jiyva's grace]
 17509 | Orc:3    | Gained mutation: You can spit poison. [Jiyva's grace]
 17607 | Orc:2    | Lost mutation: You can spit poison. [Jiyva's grace]
 17737 | Orc:2    | Reached skill level 1 in Shields
 17768 | Orc:2    | Gained mutation: You occasionally shout uncontrollably. [Jiyva's grace]
 17854 | Orc:4    | Entered Level 4 of the Orcish Mines
 17894 | Orc:4    | Found a roughly hewn altar of Beogh.
 17964 | Orc:4    | Lost mutation: You occasionally shout uncontrollably. [Jiyva's grace]
 18005 | Orc:4    | Found a roughly hewn altar of Beogh.
 18021 | Orc:4    | Gained mutation: Your vision is quite blurry. [Jiyva's grace]
 18031 | Orc:4    | Found Joraiv's Distillery.
 18087 | Orc:4    | Gained mutation: Your body is partially covered in golden eyeballs (Acc +3). [Jiyva's grace]
 18098 | Orc:4    | Found a roughly hewn altar of Beogh.
 18166 | Orc:4    | Lost mutation: Your vision is quite blurry. [Jiyva's grace]
 18222 | Orc:4    | Found a roughly hewn altar of Beogh.
 18253 | Orc:4    | Found a roughly hewn altar of Beogh.
 18258 | Orc:4    | Found Zaocischue's Magic Scroll Shop.
 18264 | Orc:4    | Bought a scroll of blinking for 120 gold pieces
 18350 | Orc:4    | Gained mutation: You have a small jelly attached to you that senses nearby items. [Jiyva's grace]
 18362 | Orc:4    | Lost mutation: Your vision is a little blurry. [Jiyva's grace]
 18459 | Orc:4    | Gained mutation: Your skin is partially translucent. [Jiyva's grace]
 18545 | Orc:4    | Lost mutation: You evolve. [Jiyva's grace]
 18545 | Orc:4    | Gained mutation: You are somewhat resistant to further mutation. [Jiyva's grace]
 18546 | Orc:4    | Noticed Saint Roka
 18715 | Orc:4    | Lost mutation: You are somewhat resistant to further mutation. [Jiyva's grace]
 18739 | Orc:4    | Killed Saint Roka
 18739 | Orc:4    | Reached skill level 5 in Shields
 18739 | Orc:4    | Reached skill level 16 in Unarmed Combat
 18773 | Orc:4    | Found a roughly hewn altar of Beogh.
 18773 | Orc:4    | Found Claffum's Antique Armour Shoppe.
 18777 | Orc:4    | Found Briusm's Antique Weapon Emporium.
 18783 | Orc:4    | Bought a glowing cloak for 153 gold pieces
 18788 | Orc:4    | Identified a +0 cloak of preservation (You bought it in a shop on level 4 of the Orcish Mines)
 19021 | Orc:4    | Found a roughly hewn altar of Beogh.
 19025 | Orc:4    | Found Nisyofof's Food Emporium.
 19204 | D:11     | Cast into the Abyss (grisnicke's ghost)
 19357 | Abyss:1  | Noticed a lich
 19371 | Abyss:1  | Killed a lich
 19414 | Abyss:1  | Found a corrupted altar of Lugonu.
 19680 | D:11     | Escaped the Abyss
 19868 | D:11     | Lost mutation: You have large cloven feet. [Jiyva's grace]
 20871 | D:13     | Reached XP level 14. HP: 111/141 MP: 5/5
 21110 | D:13     | Found a gate to the Vaults.
 21129 | D:13     | Noticed an azure jelly
 21129 | D:13     | a vault guard changed into an azure jelly
 21138 | D:13     | Gained mutation: You are resistant to hostile enchantments. [Jiyva's grace]
 21171 | D:13     | Lost mutation: Your body is partially covered in golden eyeballs (Acc +3). [Jiyva's grace]
 21196 | D:13     | Found a basalt altar of Yredelemnul.
 21333 | D:13     | Gained mutation: Your rubbery body absorbs attacks (AC +1). [Jiyva's grace]
 21499 | D:13     | Gained mutation: Thin tendrils of slime have grown from your body. [Jiyva's grace]
 21563 | D:13     | Found Miruh's Gadget Emporium.
 21569 | D:13     | Bought a fan of gales for 440 gold pieces
 21569 | D:13     | Bought a phial of floods for 440 gold pieces
 21760 | D:14     | Noticed timbw's ghost (mighty OgHu)
 21785 | D:14     | Killed timbw's ghost
 21785 | D:14     | Reached skill level 10 in Fighting
 21954 | D:14     | Lost mutation: You are resistant to hostile enchantments. [Jiyva's grace]
 21998 | D:14     | Noticed an acid blob
 21998 | D:14     | a five-headed hydra changed into an acid blob
 22291 | D:14     | Noticed DuloT34's ghost (powerful DEFE)
 22333 | D:14     | Killed DuloT34's ghost
 22663 | D:14     | Gained mutation: Your pliable body absorbs attacks (AC +1, EV +1). [Jiyva's grace]
 22849 | D:15     | Entered Level 15 of the Dungeon
 23439 | Orc:4    | Bought a scroll of identify for 32 gold pieces
 23439 | Orc:4    | Bought a scroll of teleportation for 48 gold pieces
 23696 | D:4      | Bought a scroll of identify for 44 gold pieces
 23696 | D:4      | Bought a scroll of identify for 44 gold pieces
 24057 | Snake:1  | Entered Level 1 of the Snake Pit
 24057 | Snake:1  | Noticed Urug
 24073 | Snake:1  | Killed Urug
 24216 | Snake:1  | Noticed an azure jelly
 24216 | Snake:1  | a naga warrior changed into an azure jelly
 24341 | Snake:1  | Lost mutation: Thin tendrils of slime have grown from your body. [Jiyva's grace]
 24404 | Snake:1  | Noticed Aizul
 24419 | Snake:1  | Killed Aizul
 24419 | Snake:1  | Reached skill level 17 in Unarmed Combat
 24516 | Snake:1  | Noticed Josephine
 24550 | Snake:1  | Killed Josephine
 24669 | Snake:1  | Killed Snorg
 24932 | Snake:1  | Gained mutation: You can breathe flames. [Jiyva's grace]
 25784 | Snake:2  | Gained mutation: Thin tendrils of slime have grown from your body. [Jiyva's grace]
 25885 | Snake:2  | Gained mutation: Your gelatinous body deflects attacks (AC +2, EV +2). [Jiyva's grace]
 25939 | Snake:2  | Reached XP level 15. HP: 115/152 MP: 6/6
 26416 | Snake:2  | Gained mutation: Your skin is mostly translucent (Stlth). [Jiyva's grace]
 26749 | Snake:3  | Reached skill level 18 in Unarmed Combat
 26938 | Snake:3  | Noticed Agnes
 26995 | Snake:3  | Killed Agnes
 26996 | Snake:3  | Lost mutation: You can breathe flames. [Jiyva's grace]
 27810 | Snake:3  | Gained mutation: Your body is partially covered in golden eyeballs (Acc +3). [Jiyva's grace]
 28063 | Snake:4  | Reached skill level 10 in Shields
 28080 | Snake:4  | Identified a scroll of acquirement
 28099 | Snake:4  | Gained mutation: Your transparent skin reduces the accuracy of your foes (Stlth). [Jiyva's grace]
 28162 | Snake:4  | Lost mutation: Your body is partially covered in golden eyeballs (Acc +3). [Jiyva's grace]
 28664 | Snake:4  | Gained mutation: You have a pair of small antennae on your head. [Jiyva's grace]
 29029 | Lair:6   | a nine-headed hydra changed into a slime creature
 29207 | Swamp:1  | Entered Level 1 of the Swamp
 29524 | Swamp:1  | Noticed Nessos
 29561 | Swamp:1  | Killed Nessos
 30275 | Swamp:2  | Lost mutation: You have a small jelly attached to you that senses nearby items. [Jiyva's grace]
 30396 | Swamp:2  | Gained mutation: You are weak. (Str -2) [Jiyva's grace]
 30607 | Swamp:2  | Gained mutation: You are covered in thick fur (AC +2). [potion of beneficial mutation]
 31085 | Swamp:2  | Gained mutation: You possess an exceptional clarity of mind. [Jiyva's grace]
 31318 | Swamp:3  | Noticed Kirke
 31651 | Swamp:3  | Noticed an acid blob
 31651 | Swamp:3  | an eight-headed hydra changed into an acid blob
 31693 | Swamp:3  | Lost mutation: You possess an exceptional clarity of mind. [Jiyva's grace]
 31709 | Swamp:3  | Noticed an azure jelly
 31709 | Swamp:3  | a seven-headed hydra changed into an azure jelly
 31840 | Swamp:3  | Killed Kirke
 31840 | Swamp:3  | Reached XP level 16. HP: 140/162 MP: 6/6
 32111 | Swamp:3  | Noticed an acid blob
 32111 | Swamp:3  | a seven-headed hydra changed into an acid blob
 32182 | Swamp:3  | Lost mutation: Thin tendrils of slime have grown from your body. [Jiyva's grace]
 32570 | Swamp:4  | Noticed Wiglaf
 32812 | Swamp:4  | Killed Wiglaf
 32863 | Swamp:4  | Gained mutation: You have a small jelly attached to you that may absorb incoming projectiles. [Jiyva's grace]
 33238 | Swamp:5  | Entered Level 5 of the Swamp
 33238 | Swamp:5  | Noticed Roxanne
 33308 | Swamp:5  | Gained mutation: You have large cloven feet. [Jiyva's grace]
 33371 | Swamp:5  | Gained mutation: Your mind is acute. (Int +2) [Jiyva's grace]
 33411 | Swamp:5  | Noticed an acid blob
 33411 | Swamp:5  | a seven-headed hydra changed into an acid blob
 33455 | Swamp:5  | Noticed the 27-headed Lernaean hydra
 33467 | Swamp:5  | Lost mutation: You have a pair of small antennae on your head. [Jiyva's grace]
 33480 | Swamp:5  | Killed an acid blob
 33922 | Snake:5  | Entered Level 5 of the Snake Pit
 34032 | Snake:5  | Lost mutation: You are weak. (Str -2) [Jiyva's grace]
 34147 | Snake:5  | Lost mutation: You have large cloven feet. [Jiyva's grace]
 34487 | Snake:5  | Lost mutation: Your transparent skin reduces the accuracy of your foes (Stlth). [Jiyva's grace]
 34755 | Snake:5  | Lost mutation: Your gelatinous body deflects attacks (AC +2, EV +2). [Jiyva's grace]
 34774 | Snake:5  | HP: 3/162 [naga mage/poison arrow (19)]
 34906 | Snake:5  | Lost mutation: Your mind is acute. (Int +2) [Jiyva's grace]
 35486 | Snake:5  | Reached skill level 15 in Shields
 35517 | Snake:5  | Gained mutation: You are agile. (Dex +2) [Jiyva's grace]
 35541 | Snake:5  | Reached skill level 1 in Armour
 36223 | Snake:5  | Lost mutation: You are agile. (Dex +2) [Jiyva's grace]
 36267 | Snake:5  | Reached XP level 17. HP: 165/170 MP: 6/6
 36592 | Snake:5  | Reached skill level 5 in Armour
 36675 | Snake:5  | Gained mutation: You have supernaturally acute eyesight. [Jiyva's grace]
 36858 | Snake:5  | Noticed Jorgrun
 36869 | Snake:5  | Noticed Jorgrun
 36869 | Snake:5  | Jorgrun changed into Jorgrun the acid blob
 36876 | Snake:5  | Gained mutation: Your body is partially covered in golden eyeballs (Acc +3). [Jiyva's grace]
 37151 | Snake:5  | Got a serpentine rune of Zot
 37575 | Vaults:1 | Entered Level 1 of the Vaults
 37695 | Vaults:1 | Gained mutation: You have a pair of small antennae on your head. [Jiyva's grace]
 37884 | Vaults:1 | Gained mutation: Your transparent skin reduces the accuracy of your foes (Stlth). [Jiyva's grace]
 37926 | Vaults:1 | Lost mutation: You have supernaturally acute eyesight. [Jiyva's grace]
 37970 | Vaults:1 | Found Osissaiteoh's Distillery.
 38075 | Vaults:1 | Gained mutation: Your system is resistant to poisons. [Jiyva's grace]
 38308 | Vaults:1 | Lost mutation: Your pliable body absorbs attacks (AC +1, EV +1). [Jiyva's grace]
 38312 | Vaults:1 | Gained mutation: Your mind is acute. (Int +2) [Jiyva's grace]
 39060 | Vaults:1 | Lost mutation: Your system is resistant to poisons. [Jiyva's grace]
 39180 | Vaults:2 | Noticed Boris
 39478 | D:13     | Bought a wand of random effects (18) for 110 gold pieces
 39790 | Lair:7   | a four-headed hydra changed into a slime creature
 39861 | Lair:7   | a four-headed hydra changed into a slime creature
 40130 | Lair:7   | Gained mutation: Your pliable body absorbs attacks (AC +1, EV +1). [Jiyva's grace]
 40336 | Lair:8   | Lost mutation: You have a pair of small antennae on your head. [Jiyva's grace]
 40412 | Lair:8   | Reached skill level 19 in Unarmed Combat
 40492 | Lair:8   | Reached XP level 18. HP: 180/180 MP: 7/7
 40532 | Lair:8   | Identified a +3 rod of clouds (9/9) (You found it on level 8 of the Lair of Beasts)
 41065 | Slime:1  | Entered Level 1 of the Pits of Slime
 41112 | Slime:6  | Entered Level 6 of the Pits of Slime
 41121 | Slime:6  | Noticed Dissolution
 41122 | Slime:6  | Noticed the royal jelly
 41124 | Slime:6  | Gained mutation: You can translocate small distances at will. [Jiyva's grace]
 41126 | Slime:6  | Found a viscous altar of Jiyva.
 41129 | Slime:6  | Gained mutation: Your body is mostly covered in golden eyeballs (Acc +5). [Jiyva's grace]
 41130 | Slime:6  | Got a slimy golden ring
 41136 | Slime:6  | Gained mutation: Your flesh is heat resistant. [Jiyva's grace]
 41147 | Slime:6  | Got a slimy rune of Zot
 41152 | Slime:6  | Got a wavering jade ring
 41162 | Slime:6  | Got a slimy crystal amulet
 41163 | Slime:6  | Lost mutation: Your pliable body absorbs attacks (AC +1, EV +1). [Jiyva's grace]
 41376 | Lair:3   | Identified the ring of Thuwa {Str+4 Dex+3} (You found it on level 6 of the Pits of Slime)
 41685 | Swamp:5  | Lost mutation: You have a small jelly attached to you that may absorb incoming projectiles. [Jiyva's grace]
 41707 | Swamp:5  | Identified the ring of Surprise {Contam rF+ Int+5} (You found it on level 6 of the Pits of Slime)
 41794 | Swamp:5  | Got a decaying rune of Zot
 41889 | Swamp:5  | Killed Roxanne
 42371 | D:15     | Noticed Maud
 42528 | D:15     | Killed Maud
 42558 | D:15     | Identified the amulet "Woigh" {Clar Dex-3 Acc+5 Dam-3} (You found it on level 6 of the Pits of Slime)
 42761 | Vaults:2 | Lost mutation: Your transparent skin reduces the accuracy of your foes (Stlth). [Jiyva's grace]
 42994 | Vaults:2 | Gained mutation: Your digestive system is specialised to digest meat. [Jiyva's grace]
 43039 | Vaults:2 | Gained mutation: You can spit poison. [Jiyva's grace]
 43064 | Vaults:2 | Lost mutation: Your flesh is heat resistant. [Jiyva's grace]
 43178 | Vaults:2 | Lost mutation: You can spit poison. [Jiyva's grace]
 43228 | Vaults:2 | Found a staircase to the Crypt.
 43349 | Vaults:2 | Found Crell's Food Emporium.
 43489 | Vaults:2 | Lost mutation: Your body is mostly covered in golden eyeballs (Acc +5). [Jiyva's grace]
 43540 | Vaults:2 | Killed Boris
 43540 | Vaults:2 | Reached skill level 20 in Unarmed Combat
 43571 | Vaults:2 | Lost mutation: Your body is partially covered in golden eyeballs (Acc +3). [Jiyva's grace]
 43668 | Vaults:2 | Found Anwum's Weapon Emporium.
 43753 | Vaults:2 | Bought a royal jelly for 156 gold pieces
 44170 | Vaults:3 | Gained mutation: You have very sharp teeth. [Jiyva's grace]
 44217 | Vaults:3 | Lost mutation: Your mind is acute. (Int +2) [Jiyva's grace]
 44261 | Vaults:3 | Gained mutation: You are robust (+10% HP). [Jiyva's grace]
 44430 | Vaults:3 | Gained mutation: You have extremely sharp teeth. [Jiyva's grace]
 44437 | Vaults:3 | Lost mutation: Your skin is mostly translucent (Stlth). [Jiyva's grace]
 44463 | Vaults:3 | Gained mutation: Your vision is a little blurry. [Jiyva's grace]
 44465 | Vaults:3 | Noticed Jory
 44488 | Vaults:3 | Killed Jory
 44570 | Vaults:3 | Lost mutation: Your vision is a little blurry. [Jiyva's grace]
 44571 | Vaults:3 | Noticed Liquorice's ghost (mighty MiBe)
 44604 | Vaults:3 | Killed Liquorice's ghost
 44672 | Vaults:3 | Noticed Nikola
 44685 | Vaults:3 | Noticed Nikola
 44685 | Vaults:3 | Nikola changed into Nikola the acid blob
 44688 | Vaults:3 | Gained mutation: You are very robust (+20% HP). [Jiyva's grace]
 44988 | Vaults:3 | Lost mutation: Your skin is partially translucent. [Jiyva's grace]
 45015 | Vaults:3 | Reached XP level 19. HP: 201/231 MP: 7/7
 45076 | Vaults:3 | Gained mutation: You can spit poison. [Jiyva's grace]
 45089 | Vaults:3 | Found Fefoed's General Store.
 45154 | Vaults:3 | Gained mutation: You have a small jelly attached to you that may absorb incoming projectiles. [Jiyva's grace]
 45375 | Vaults:3 | Lost mutation: Your digestive system is specialised to digest meat. [Jiyva's grace]
 45488 | Vaults:3 | Found a staircase to the Hall of Blades.
 45815 | Vaults:3 | Lost mutation: You can spit poison. [Jiyva's grace]
 45911 | Vaults:4 | Gained mutation: You evolve. [Jiyva's grace]
 45942 | Vaults:4 | Reached skill level 21 in Unarmed Combat
 45943 | Vaults:4 | Gained mutation: You passively map a small area around you. [Jiyva's grace]
 46005 | Vaults:4 | Gained mutation: Your flesh is cold resistant. [Jiyva's grace]
 46135 | Vaults:4 | Lost mutation: You are very robust (+20% HP). [Jiyva's grace]
 46184 | Vaults:4 | Lost mutation: You are robust (+10% HP). [Jiyva's grace]
 46207 | Vaults:4 | Cast into the Abyss (deep elf sorcerer)
 46218 | Abyss:1  | Noticed a tentacled starspawn
 46231 | Abyss:1  | Killed a tentacled starspawn
 46431 | Vaults:4 | Escaped the Abyss
 46476 | Vaults:4 | Gained mutation: Your system is resistant to poisons. [Jiyva's grace]
 46643 | Vaults:4 | Paralysed by a sphinx for 6 turns
 46713 | Vaults:4 | Lost mutation: Armour fits poorly on your pseudopods. [Jiyva's grace]
 46835 | Vaults:4 | Noticed Mara
 46837 | Vaults:4 | Noticed Gravenous' illusion
 46979 | Vaults:4 | Gained mutation: Your pliable body absorbs attacks (AC +1, EV +1). [Jiyva's grace]
 47055 | Vaults:4 | Noticed Mara
 47061 | Vaults:4 | Noticed Gravenous' illusion
 47088 | Vaults:4 | Gained mutation: You have razor-sharp teeth. [Jiyva's grace]
 47331 | D:15     | Noticed Bloax's ghost (legendary VSCK)
 48364 | D:15     | Killed Bloax's ghost
 48571 | D:15     | Gained mutation: Your skin is partially translucent. [Jiyva's grace]
 48589 | D:15     | Found a staircase to the Depths.
 48685 | D:15     | Gained mutation: You are partially covered in iridescent scales (AC +4). [Jiyva's grace]
 48852 | Depths:1 | Entered Level 1 of the Depths
 48934 | Depths:1 | Found a sparkling altar of Nemelex Xobeh.
 49201 | Depths:1 | Reached skill level 22 in Unarmed Combat
 49318 | Depths:1 | Lost mutation: You evolve. [Jiyva's grace]
 49432 | Depths:1 | Lost mutation: You are covered in thick fur (AC +2). [Jiyva's grace]
 49642 | Depths:1 | Gained mutation: You are robust (+10% HP). [Jiyva's grace]
 49716 | Depths:1 | Found a gateway to Hell.
 49846 | Depths:2 | Found a portal to a secret trove of treasure.
 49985 | Depths:2 | Lost mutation: Your system is resistant to poisons. [Jiyva's grace]
 50010 | Depths:2 | Gained mutation: You can spit poison. [Jiyva's grace]
 50047 | Depths:2 | Reached XP level 20. HP: 134/226 MP: 7/7
 50160 | Swamp:5  | Lost mutation: Your flesh is cold resistant. [Jiyva's grace]
 50221 | Depths:2 | Gained mutation: You have a small jelly attached to you that senses nearby items. [Jiyva's grace]
 50516 | Depths:2 | Gained mutation: You possess an exceptional clarity of mind. [Jiyva's grace]
 50554 | Depths:2 | Gained mutation: You are partially covered in rough black scales (AC +4, Dex -1). [Jiyva's grace]
 50672 | Depths:2 | Found a gateway to a ziggurat.
 51099 | Depths:3 | Reached skill level 23 in Unarmed Combat
 51187 | Depths:3 | Found a one-way gate leading to the halls of Pandemonium.
 51806 | Depths:3 | Lost mutation: You passively map a small area around you. [Jiyva's grace]
 51861 | Depths:3 | Gained mutation: Your flesh is heat resistant. [Jiyva's grace]
 52038 | Depths:3 | Found a one-way gate to the infinite horrors of the Abyss.
 52076 | Depths:3 | Gained mutation: You can spit moderately strong poison. [Jiyva's grace]
 52246 | Depths:3 | Gained mutation: You have acidic saliva. [Jiyva's grace]
 52434 | Depths:3 | Lost mutation: You possess an exceptional clarity of mind. [Jiyva's grace]
 52907 | Depths:3 | Gained mutation: You can spit strong poison. [Jiyva's grace]
 52922 | Depths:3 | Reached skill level 24 in Unarmed Combat
 52943 | Depths:4 | Paralysed by an ogre mage for 6 turns
 53165 | Depths:3 | Gained mutation: You are surrounded by a mild repulsion field (EV +2). [Jiyva's grace]
 53633 | Depths:4 | Cast into the Abyss (deep elf demonologist)
 53666 | Abyss:2  | Lost mutation: Your pliable body absorbs attacks (AC +1, EV +1). [Jiyva's grace]
 53774 | Abyss:2  | Found a deep blue altar of Sif Muna.
 53787 | Abyss:2  | Reached XP level 21. HP: 222/235 MP: 8/8
 53930 | Abyss:2  | Got an ancient lead amulet
 53931 | Abyss:2  | Identified the amulet of the Forgotten Ships {Ward -Tele} (You took it off a deep elf demonologist on level 2 of the Abyss)
 54076 | Depths:4 | Escaped the Abyss
 54329 | Depths:3 | Lost mutation: You are surrounded by a mild repulsion field (EV +2). [Jiyva's grace]
 54371 | Depths:4 | Gained mutation: You are mostly covered in iridescent scales (AC +6). [Jiyva's grace]
 54439 | Depths:4 | Reached skill level 25 in Unarmed Combat
 54444 | Depths:4 | Gained mutation: Your skin is mostly translucent (Stlth). [Jiyva's grace]
 54461 | Depths:4 | Lost mutation: Your rubbery body absorbs attacks (AC +1). [Jiyva's grace]
 54496 | Depths:4 | Gained mutation: Your transparent skin reduces the accuracy of your foes (Stlth). [Jiyva's grace]
 54602 | Depths:4 | Lost mutation: You have a small jelly attached to you that may absorb incoming projectiles. [Jiyva's grace]
 54681 | Depths:4 | Found a corrupted altar of Lugonu.
 54897 | Depths:4 | Lost mutation: Your flesh is heat resistant. [Jiyva's grace]
 55067 | Depths:5 | Entered Level 5 of the Depths
 55619 | Depths:5 | Paralysed by a vampire knight for 3 turns
 55725 | Depths:5 | Lost mutation: You have razor-sharp teeth. [Jiyva's grace]
 55753 | Depths:5 | Gained mutation: Armour fits poorly on your pseudopods. [Jiyva's grace]
 55888 | Depths:5 | Lost mutation: Your transparent skin reduces the accuracy of your foes (Stlth). [Jiyva's grace]
 55985 | Depths:5 | Found a gate to the Realm of Zot.
 56073 | Depths:5 | Reached skill level 26 in Unarmed Combat
 56532 | Zot:1    | Entered Level 1 of the Realm of Zot
 56714 | Zot:1    | Lost mutation: You are mostly covered in iridescent scales (AC +6). [Jiyva's grace]
 56825 | Zot:1    | Reached XP level 22. HP: 152/245 MP: 8/8
 56902 | Zot:1    | Lost mutation: You can translocate small distances at will. [Jiyva's grace]
 57192 | Zot:1    | Gained mutation: You are agile. (Dex +2) [Jiyva's grace]
 57646 | Zot:2    | Lost mutation: Your skin is mostly translucent (Stlth). [Jiyva's grace]
 57897 | Zot:2    | Lost mutation: Armour fits poorly on your pseudopods. [Jiyva's grace]
 58028 | Zot:2    | Noticed an orb of fire
 58058 | Zot:2    | Reached skill level 27 in Unarmed Combat
 58095 | Zot:2    | Lost mutation: You are partially covered in rough black scales (AC +4, Dex -1). [Jiyva's grace]
 58694 | Zot:3    | Lost mutation: You have acidic saliva. [Jiyva's grace]
 58748 | Zot:3    | Reached skill level 10 in Armour
 59341 | Zot:3    | Lost mutation: You can spit strong poison. [Jiyva's grace]
 59418 | Zot:3    | Gained mutation: Your body is partially covered in golden eyeballs (Acc +3). [Jiyva's grace]
 59666 | Zot:4    | Lost mutation: You have extremely sharp teeth. [Jiyva's grace]
 59728 | Zot:4    | Gained mutation: You are partially covered in molten scales (AC +1). [Jiyva's grace]
 59904 | Zot:4    | Gained mutation: You have a pair of small horns on your head. [Jiyva's grace]
 60318 | Zot:4    | Reached XP level 23. HP: 249/254 MP: 8/8
 60580 | Zot:4    | Lost mutation: You have a pair of small horns on your head. [Jiyva's grace]
 61184 | Vaults:2 | Got a fine dagger
 61185 | Vaults:2 | Identified the +6,+5 dagger "Criu" {flame, Int+2} (You found it on level 2 of the Vaults)
 61236 | Vaults:4 | Found Prealol's Weapon Boutique.
 61453 | Vaults:4 | Killed Mara
 61538 | Vaults:4 | Lost mutation: Your skin is partially translucent. [Jiyva's grace]
 61642 | Vaults:5 | Entered Level 5 of the Vaults
 61822 | Vaults:4 | Lost mutation: You are agile. (Dex +2) [Jiyva's grace]
 61826 | Vaults:4 | Gained mutation: You have acidic saliva. [Jiyva's grace]
 61829 | Vaults:4 | Gained mutation: You have sharp toenails. [Jiyva's grace]
 61865 | Vaults:4 | Gained mutation: Your rubbery body absorbs attacks (AC +1). [Jiyva's grace]
 61989 | Vaults:5 | Lost mutation: You are robust (+10% HP). [Jiyva's grace]
 62037 | Vaults:5 | Gained mutation: Your vision is a little blurry. [Jiyva's grace]
 62130 | Vaults:5 | Gained mutation: You regenerate. [Jiyva's grace]
 62177 | Vaults:5 | Gained mutation: Your system is resistant to poisons. [Jiyva's grace]
 62201 | Vaults:5 | Paralysed by a great orb of eyes for 6 turns
 62464 | Vaults:5 | Lost mutation: You regenerate. [Jiyva's grace]
 62493 | Vaults:5 | Gained mutation: Armour fits poorly on your pseudopods. [Jiyva's grace]
 62537 | Vaults:5 | Lost mutation: You have sharp toenails. [Jiyva's grace]
 62600 | Vaults:5 | Noticed an ancient lich
 62615 | Vaults:4 | Reached skill level 15 in Fighting
 62905 | Vaults:5 | Killed an ancient lich
 63215 | Vaults:5 | Identified a +4 rod of clouds (10/10) (You found it on level 3 of the Realm of Zot)
 63318 | Vaults:5 | Gained mutation: You are resistant to electric shocks. [Jiyva's grace]
 63351 | Vaults:5 | Lost mutation: You can spit moderately strong poison. [Jiyva's grace]
 63401 | Vaults:5 | Lost mutation: You have acidic saliva. [Jiyva's grace]
 63419 | Vaults:5 | Got a silver rune of Zot
 63434 | Vaults:5 | Gained mutation: You regenerate. [Jiyva's grace]
 63453 | Vaults:5 | Got a heavily runed iron ring
 63610 | Vaults:5 | Identified the ring "Shrimixt" {+Fly Int+3} (You found it on level 5 of the Vaults)
 63943 | Depths:3 | Voluntarily entered the Abyss.
 64110 | Abyss:2  | Reached XP level 24. HP: 248/248 MP: 9/9
 64680 | Abyss:2  | Found a deep blue altar of Sif Muna.
 64697 | Abyss:2  | Found a deep blue altar of Sif Muna.
 64864 | Abyss:2  | Found a corrupted altar of Lugonu.
 64869 | Abyss:2  | Found a corrupted altar of Lugonu.
 65229 | Abyss:2  | Found an ancient bone altar of Kikubaaqudgha.
 65692 | Abyss:3  | Gained mutation: Thin tendrils of slime have grown from your body. [Jiyva's grace]
 65955 | Abyss:3  | Gained mutation: You are weak. (Str -2) [a neqoxec]
 65972 | Abyss:3  | Paralysed by a chaos spawn for 5 turns
 66103 | Abyss:3  | Got a fine tin ring
 66480 | Abyss:3  | Found a corrupted altar of Lugonu.
 66559 | Abyss:3  | Found a shimmering altar of Xom.
 66589 | Abyss:3  | Gained mutation: You have a pair of small horns on your head. [potion of beneficial mutation]
 66691 | Abyss:3  | Paralysed by you for 6 turns
 66722 | Abyss:3  | Identified the ring "Xuak" {rC+ SInv} (You found it on level 3 of the Abyss)
 66924 | Abyss:3  | Found a corrupted altar of Lugonu.
 66947 | Abyss:3  | Got an abyssal rune of Zot
 66974 | Abyss:3  | Found a burning altar of Makhleb.
 67395 | Depths:3 | Escaped the Abyss
 67622 | Zot:5    | Entered Level 5 of the Realm of Zot
 67807 | Zot:5    | Lost mutation: You are partially covered in molten scales (AC +1). [Jiyva's grace]
 67979 | Zot:5    | Reached XP level 25. HP: 265/267 MP: 9/9
 68079 | Zot:5    | Noticed an orb of fire
 68120 | Zot:5    | Gained mutation: You are partially covered in large bone plates (AC +2, SH +2). [Jiyva's grace]
 68193 | Zot:5    | Noticed an ancient lich
 68215 | Zot:5    | Noticed an ancient lich
 68215 | Zot:5    | an ancient lich changed into a death ooze
 68226 | Zot:5    | Lost mutation: Thin tendrils of slime have grown from your body. [Jiyva's grace]
 68454 | Zot:5    | Noticed an ancient lich
 68465 | Zot:5    | Killed an ancient lich
 68515 | Zot:5    | an ancient lich changed into a death ooze
 68568 | Zot:5    | Noticed an ancient lich
 68576 | Zot:5    | an ancient lich changed into a death ooze
 68856 | Zot:5    | Noticed an orb of fire
 68869 | Zot:5    | Noticed an orb of fire
 68880 | Zot:5    | Killed from afar by an orb of fire

Action                   |  1- 3 |  4- 6 |  7- 9 | 10-12 | 13-15 | 16-18 | 19-21 | 22-24 | 25-27 || total
-------------------------+-------+-------+-------+-------+-------+-------+-------+-------+-------++-------
Melee: Unarmed           |   111 |   133 |   439 |   847 |  1806 |  2285 |  2136 |  2026 |   125 ||  9908
Invok: Request Jelly     |       |       |       |     2 |     7 |     5 |     9 |    11 |       ||    34
       Slimify           |       |       |       |       |    12 |    21 |    16 |     6 |     4 ||    59
       Jelly Paralyse    |       |       |       |       |       |     3 |       |       |       ||     3
 Abil: Breathe Fire      |       |       |       |       |     1 |       |       |       |       ||     1
       Blink             |       |       |       |       |       |       |     4 |       |       ||     4
Evoke: Wand              |       |       |     3 |    21 |     7 |     1 |     2 |     1 |       ||    35
       Phial of floods   |       |       |       |       |       |     3 |     4 |     1 |       ||     8
       Stone of tremors  |       |       |       |       |       |       |     1 |       |       ||     1
  Use: Scroll            |       |    12 |     7 |    10 |    22 |    21 |     9 |    15 |     3 ||    99
       Potion            |       |       |    10 |    16 |    14 |    13 |     3 |     3 |     3 ||    62
 Stab: Sleeping          |     1 |       |     2 |    10 |     7 |     6 |     1 |       |       ||    27
       Invisible         |       |       |     4 |     6 |       |       |       |       |       ||    10
       Distracted        |       |       |       |       |     4 |     7 |     3 |    12 |       ||    26
       Confused          |       |       |       |       |     2 |    31 |       |    19 |       ||    52
       Petrified         |       |       |       |       |       |       |     5 |       |       ||     5
       Petrifying        |       |       |       |       |       |       |     2 |       |       ||     2
